 Dungeon Crawl Stone Soup version 0.31-a0-1603-gbec6b6ccbf (webtiles) character file.

Game seed: 12509233806252791612

966 MisterAzrael the Trooper (level 8, 0/106 HPs)
             Began as a Hill Orc Fighter on Jan 8, 2024.
             Succumbed to a gnoll sergeant's poison
             ... on level 6 of the Dungeon.
             The game lasted 00:05:24 (5531 turns).

MisterAzrael the Trooper (Hill Orc Fighter)         Turns: 5531, Time: 00:05:24

Health: 0/106      AC: 10    Str: 21    XL:     8   Next: 15%
Magic:  8/8        EV:  9    Int: 11    God:
Gold:   407        SH:  5    Dex: 10    Spells: 7/7 levels left

rFire   . . .        a - +1 war axe
rCold   . . .        c - +0 buckler
rNeg    . . .        b - +0 scale mail
rPois   .            r - +2 helmet {Int+3}
rElec   .            (no cloak)
rCorr   .            (no gloves)
SInv    .            (no boots)
Will    .....        (no amulet) Stlth
                     (no ring)
HPRegen 0.37/turn    (no ring)
MPRegen 0.11/turn

%: no passive effects
@: berserking, lethally poisoned (0 -> -19), very quick
A: no striking features
a: no special abilities


You were on level 6 of the Dungeon.
You visited 1 branch of the dungeon, and saw 6 of its levels.
You also visited: Sewer.

You collected 407 gold pieces.

Inventory:

Hand Weapons
 a - a +1 war axe (weapon)
Armour
 b - a +0 scale mail (worn)
 c - a +0 buckler (worn)
 r - a +2 helmet of intelligence (worn)
Jewellery
 k - a ring of wizardry
Wands
 x - a wand of polymorph (4)
Scrolls
 e - a scroll of revelation
 f - a scroll of identify
 j - a scroll of teleportation
 n - 2 scrolls of amnesia
 q - a scroll of poison {unknown}
 u - a scroll of summoning
 v - a scroll of blinking
Potions
 d - 2 potions of might
 g - a potion of invisibility {unknown}
 h - 2 potions of curing {unknown}
 i - a potion of haste {unknown}
 l - a potion of degeneration {unknown}
 m - a potion of resistance {unknown}
 o - a potion of ambrosia {unknown}
 p - a potion of brilliance {unknown}
 s - a potion of cancellation {unknown}
 w - 2 potions of lignification {unknown}


   Skills:
 + Level 6.6 Fighting
 + Level 6.5 Axes
 + Level 5.9 Armour
 + Level 5.9 Shields


You had 7 spell levels left.
You didn't know any spells.
Your spell library contained the following spells:

 Spells                   Type           Power      Damage    Failure   Level
 Inner Flame              Hex/Fire       0%         N/A       97%         3
 Tukima's Dance           Hex            0%         N/A       97%         3
 Flame Wave               Conj/Fire      0%         2d4       100%        4
 Passage of Golubria      Tloc           0%         N/A       100%        4
 Sticky Flame             Fire/Alch      0%         2d4       100%        4
 Yara's Violent Unravell  Hex/Alch       0%         3d3       100%        5


Dungeon Overview and Level Annotations

Branches:
Dungeon (6/15)              Sewer (visited)
 Temple: D:4-7

Altars:
Qazlal
Wu Jian
Xom

Shops:
D:5 [


Message History

You block the gnoll's attack. You block the ice beast's attack.
The gnoll sergeant hits you with a +0 spear of venom.
* * * LOW HITPOINT WARNING * * *
You are lethally poisoned!
You barely miss the gnoll sergeant.
The gnoll sergeant is heavily wounded.
You hit the ice beast. You hit the gnoll.
* * * LOW HITPOINT WARNING * * *
You feel very sick.
You barely miss the gnoll sergeant.
The gnoll sergeant is heavily wounded.
You hit the ice beast. You slash the gnoll!
You kill the gnoll!
* * * LOW HITPOINT WARNING * * *
You feel very sick.
The ice beast hits you but does no damage.
The gnoll closely misses you. You block the gnoll sergeant's attack.
You are too berserk!
You slash the gnoll sergeant!
The gnoll sergeant is almost dead.
You slash the ice beast!
* * * LOW HITPOINT WARNING * * *
You feel very sick.
The ice beast hits you but does no damage.
The gnoll closely misses you.
The gnoll sergeant hits you with a +0 spear of venom.
* * * LOW HITPOINT WARNING * * *
You are more poisoned.
You barely miss the gnoll sergeant.
The gnoll sergeant is almost dead.
You slash the ice beast!
* * * LOW HITPOINT WARNING * * *
You feel very sick.
The ice beast hits you but does no damage.
The gnoll barely misses you.
The gnoll sergeant hits you but does no damage.
You slice the gnoll sergeant!!
You kill the gnoll sergeant!
You closely miss the ice beast.
You die...

#........
#........
#........
+........
#........
#g.......
#))......
#@Y....#
#.)....#
#......#
#......#
#......#
#......#
#......#
#....[.#
#......#


You could see an ice beast and a gnoll.

Vanquished Creatures
  A water moccasin (D:5)
  A crocodile (Sewer)
  A phantom (D:4)
  A brain worm (Sewer)
  A gnoll sergeant (D:6)
  3 bombardier beetles (D:5)
  2 jellies
  2 hounds
  Natasha (thrice) (D:2)
  An orc wizard (D:3)
  2 iguanas (D:4)
  Robin (D:2)
  3 adders
  7 gnolls
  A white imp (D:5)
  2 ufetubi (D:4)
  4 dart slugs
  15 orcs
  7 endoplasms
  6 giant cockroaches
  16 goblins
  7 hobgoblins
  2 jackals (D:2)
  13 kobolds
  5 quokkas
  11 ball pythons
  13 bats
  7 frilled lizards
  4 rats
142 creatures vanquished.

Notes
Turn   | Place    | Note
-------+----------+-------------------------------------------
     0 | D:1      | MisterAzrael the Hill Orc Fighter began the quest for the
                  | Orb.
     0 | D:1      | Reached XP level 1. HP: 19/19 MP: 1/1
    86 | D:1      | Reached XP level 2. HP: 27/27 MP: 2/2
   337 | D:1      | Reached XP level 3. HP: 32/33 MP: 3/3
  1009 | D:2      | Noticed Robin
  1017 | D:2      | Killed Robin
  1018 | D:2      | Reached XP level 4. HP: 33/41 MP: 4/4
  1354 | D:2      | Noticed Natasha
  1368 | D:2      | Killed Natasha
  1814 | D:2      | Reached XP level 5. HP: 40/47 MP: 5/5
  2066 | D:2      | Noticed Natasha
  2076 | D:2      | Killed Natasha
  2089 | D:2      | Noticed Natasha
  2096 | D:2      | Killed Natasha
  2386 | D:3      | Reached skill level 5 in Fighting
  2718 | D:3      | Reached XP level 6. HP: 56/56 MP: 6/6
  2857 | D:3      | Found a shimmering altar of Xom.
  2857 | D:3      | Found a stormy altar of Qazlal.
  3460 | D:3      | Found an ornate altar of the Wu Jian Council.
  3755 | D:4      | Reached skill level 5 in Axes
  3832 | D:4      | Found a glowing drain.
  3839 | Sewer    | Entered a sewer
  3869 | Sewer    | Reached skill level 5 in Shields
  3894 | Sewer    | Reached skill level 5 in Armour
  3894 | Sewer    | Reached XP level 7. HP: 52/62 MP: 7/7
  4570 | D:5      | Entered Level 5 of the Dungeon
  5083 | D:5      | Found Yneqopn's Armour Shop.
  5216 | D:5      | Reached XP level 8. HP: 60/71 MP: 8/8
  5530 | D:6      | HP: 4/106 [poisoned by a gnoll sergeant]
  5531 | D:6      | Succumbed to a gnoll sergeant's poison

Illustrated notes

Levels and vault maps discovered:
D:1:      lordsloth_arrival_two_stooges, layout_basic, hangedman_feature_mirror,
          minmay_small_reverse_x
D:2:      layout_loops_corners, uniq_robin, uniq_natasha
D:3:      layout_loops_corners, lemuel_coloured_pillars_altar,
          amethyst_overflow_temple_binary, minmay_large_rounded_square
D:4:      layout_cave_pools, mainiacjoe_sewer_entry_somewhere_in_here_1
D:5:      layout_basic, serial_shops, shop
D:6:      layout_gridville, minmay_temple_entry_glassed_door, uniq_sigmund

Skill      XL: |  1  2  3  4  5  6  7 |
---------------+----------------------+-----
Axes           | 3 4 5 6 |  6.5
Fighting       | 4 5 6 |  6.6
Shields        | 4 5 |  5.9
Armour         | 4 5 |  5.9

Action                     |  1- 3 |  4- 6 |  7- 9 || total
---------------------------+-------+-------+-------++-------
  Melee: War axe           |    93 |   196 |    78 ||   367
    Use: Scroll            |       |       |     6 ||     6
         Potion            |       |       |     1 ||     1
 Armour: Scale mail        |    63 |   188 |    65 ||   316
  Dodge: Dodged            |    45 |   107 |    48 ||   200
  Block: Buckler           |    18 |    53 |    31 ||   102

Table legend: (Time is in decaauts)
 A = Elapsed time spent in this place.
 B = Non-inter-level travel time spent in this place.
 C = Inter-level travel time spent in this place.
 D = Time resting spent in this place.
 E = Time spent auto-exploring this place.
 F = Levels seen in this place.
 G = Mean time per level.
                   A        B        C        D        E       F      G
               +--------+--------+--------+--------+--------+-----+--------+
         Total |   5659 |   5547 |    112 |    973 |   3698 |   7 |  808.4 |
       Dungeon |   5528 |   5416 |    112 |    973 |   3624 |   6 |  921.3 |
         Sewer |    130 |    130 |      0 |      0 |     74 |   1 |  130.0 |
               +--------+--------+--------+--------+--------+-----+--------+

Top non-repeatable levels by time:
     D:2: 1519 daAuts
     D:3: 1303 daAuts
     D:5: 935 daAuts
     D:4: 880 daAuts
     D:1: 855 daAuts
   Sewer: 130 daAuts
     D:6: 34 daAuts
